AoeStats
← kaifanestro

MegaRandom

510103791Analyzed
4v4 RM · 3d ago on Sep 29, 2026· 70m 3s· 8 players
Game mode
Random Map
Map size
Large (8 player)
Population
200
Speed
Normal
Resources
Standard
Victory
Conquest
Starting age
Dark Age
Ending age
Imperial Age
RankedLock teamsTeams togetherTeam positionsShared explorationLock speedFull tech treeHidden civsTurbo modeCheats
Victory
Defeat
🇮🇹 Japanese · Italy
824
+11
🇹🇼 Italians · Taiwan
774
+13
🇦🇺 Persians · Australia
736
+14
🇵🇪 Franks · Peru
521
+23
🇨🇳 Goths · China
752
-18
🇹🇷 Cumans · Türkiye
710
-16
🇨🇳 Chinese · China
707
-16
🇯🇵 Vikings · Japan
599
-11
战鹰
0:42 Loom
10:53 Feudal Age
11:28 Double-Bit Axe
11:26 Horse Collar
15:58 Gold Mining
19:18 Castle Age
19:14 Stone Mining
20:18 Bow Saw
20:11 Heavy Plow
20:49 Stone Shaft Mining
28:45 Caravan
35:22 Imperial Age
34:25 Anarchy
33:50 Pikeman
34:31 Squires
34:35 Scale Mail Armor
34:46 Forging
36:21 Chain Mail Armor
35:30 Halberdier
36:34 Conscription
36:17 Perfusion
35:38 Elite Huskarl
38:01 Iron Casting
38:13 Wheelbarrow
38:45 Two-Man Saw
38:40 Crop Rotation
38:53 Iron Casting
39:50 Hand Cart
39:23 Town Watch
43:54 Man-at-Arms
45:44 Chemistry
45:05 Ballistics
45:00 Masonry
44:46 Murder Holes
44:34 Treadmill Crane
44:58 Long Swordsman
46:41 Blast Furnace
47:10 Two-Handed Swordsman
48:18 Champion
51:04 Architecture
64:15 Town Patrol
sburaks
11:14 Feudal Age
19:57 Horse Collar
21:46 Wheelbarrow
24:54 Castle Age
26:36 Hand Cart
27:45 Heavy Plow
27:33 Double-Bit Axe
28:38 Forging
28:33 Scale Barding Armor
28:29 Scale Mail Armor
31:20 Town Watch
30:59 Capped Ram
31:03 Pikeman
32:03 Scale Barding Armor
32:49 Squires
32:37 Arson
33:52 Town Patrol
Jawaharlal NEHRU
5:33 Loom
11:30 Feudal Age
12:41 Double-Bit Axe
18:53 Castle Age
17:22 Horse Collar
20:30 Gold Mining
20:51 Bow Saw
22:47 Town Watch
23:16 Heavy Plow
23:45 Treadmill Crane
26:00 Pikeman
26:40 Squires
28:50 Stone Mining
30:08 Ballistics
29:59 Masonry
30:29 Crossbowman
32:14 Chieftains
33:05 Caravan
34:43 Town Patrol
40:00 Imperial Age
43:26 Conscription
43:08 Elite Varangian Guard
45:37 Forging
45:33 Scale Barding Armor
45:31 Scale Mail Armor
45:23 Fletching
45:14 Arbalester
47:13 Two-Man Saw
46:45 Crop Rotation
46:57 Iron Casting
47:21 Chain Mail Armor
47:47 Capped Ram
51:17 Blast Furnace
50:48 Plate Mail Armor
50:20 Padded Archer Armor
53:53 Elite Berserk
55:04 Siege Ram
56:53 Siege Engineers
57:01 Fortified Wall
57:51 Chemistry
56:51 Murder Holes
60:18 Leather Archer Armor
60:00 Bodkin Arrow
60:12 Scale Barding Armor
65:28 Onager
1063569804
0:33 Loom
12:21 Feudal Age
13:38 Double-Bit Axe
16:28 Bloodlines
19:59 Castle Age
18:53 Horse Collar
21:54 Bow Saw
24:07 Crossbowman
25:17 Gold Mining
28:02 Stone Mining
28:53 Gold Shaft Mining
31:30 Wheelbarrow
34:01 Imperial Age
33:28 Pikeman
34:04 Fletching
34:16 Padded Archer Armor
35:34 Arbalester
37:10 Heavy Plow
37:38 Bodkin Arrow
37:58 Leather Archer Armor
38:51 Two-Man Saw
39:55 Conscription
40:19 Bracer
40:49 Ring Archer Armor
41:50 Coinage
42:14 Caravan
42:29 Forging
42:19 Scale Mail Armor
42:25 Scale Barding Armor
43:26 Ballistics
44:06 Chemistry
50:16 Light Cavalry
51:55 Thumb Ring
52:35 Iron Casting
52:20 Chain Barding Armor
52:09 Heavy Rocket Cart
53:19 Heavy Rocket Cart
60:53 Cavalier
61:35 Husbandry
61:46 Great Wall
66:22 Blast Furnace
65:58 Plate Barding Armor
66:49 Halberdier
68:11 Arson
68:29 Squires
Fede_MvK
0:43 Loom
14:47 Feudal Age
15:08 Horse Collar
15:14 Double-Bit Axe
21:17 Castle Age
23:13 Stone Mining
23:14 Gold Mining
25:55 Bow Saw
27:01 Wheelbarrow
26:58 Heavy Plow
27:03 Scale Mail Armor
27:50 Fortified Wall
30:22 Forging
35:33 Imperial Age
33:40 Treadmill Crane
35:03 Chain Mail Armor
35:23 Iron Casting
34:54 Pikeman
35:20 Arson
35:35 Squires
35:25 Arson
36:38 Gold Shaft Mining
37:20 Conscription
39:01 Hand Cart
39:58 Caravan
39:23 Elite Samurai
42:14 Halberdier
44:03 Plate Mail Armor
44:09 Iron Casting
49:59 Chemistry
49:12 Masonry
50:22 Iron Casting
50:17 Plate Mail Armor
54:47 Kataparuto
56:22 Blast Furnace
65:24 Town Watch
不動游星
10:29 Feudal Age
16:13 Castle Age
14:32 Double-Bit Axe
26:15 Horse Collar
27:04 Heavy Plow
28:37 Fletching
34:33 Imperial Age
34:40 Wheelbarrow
36:46 Conscription
36:51 Bow Saw
36:41 Elite Skirmisher
38:00 Bodkin Arrow
38:05 Padded Archer Armor
41:46 Thumb Ring
42:45 Chemistry
45:23 Leather Archer Armor
45:09 Bracer
46:41 Ring Archer Armor
PIGGA
0:28 Loom
10:35 Feudal Age
12:05 Wheelbarrow
11:35 Horse Collar
11:55 Double-Bit Axe
18:33 Castle Age
19:55 Hand Cart
26:31 Heavy Plow
27:21 Stone Mining
29:34 Pikeman
30:39 Elite Skirmisher
31:45 Parthian Tactics
32:44 Thumb Ring
32:00 Crossbowman
32:36 Fletching
32:46 Padded Archer Armor
32:43 Gold Mining
33:09 Bow Saw
33:58 Stone Shaft Mining
34:19 Kamandaran
36:40 Gold Shaft Mining
39:38 Imperial Age
36:54 Town Watch
39:02 Bodkin Arrow
39:23 Leather Archer Armor
40:57 Conscription
40:01 Elite War Elephant
43:26 Ballistics
44:07 Chemistry
46:24 Two-Man Saw
45:56 Crop Rotation
46:04 Caravan
46:45 Forging
46:41 Scale Barding Armor
47:13 Ring Archer Armor
46:53 Forging
46:49 Scale Barding Armor
46:58 Bloodlines
49:31 Iron Casting
49:02 Husbandry
50:02 Chain Barding Armor
51:48 Blast Furnace
52:24 Plate Barding Armor
52:54 Devotion
kaifanestro
9:06 Loom
11:24 Feudal Age
12:48 Double-Bit Axe
14:14 Wheelbarrow
19:59 Gold Mining
20:03 Stone Mining
22:28 Castle Age
25:26 Hand Cart
25:35 Bow Saw
28:47 Gold Shaft Mining
28:19 Fletching
28:39 Forging
28:36 Scale Barding Armor
31:53 Imperial Age
33:27 Cavalier
34:08 Husbandry
35:15 Iron Casting
34:41 Scale Mail Armor
35:02 Chain Barding Armor
34:41 Bodkin Arrow
35:54 Conscription
37:29 Blast Furnace
40:46 Plate Barding Armor
40:12 Paladin
57:11 Coinage
56:41 Caravan
67:46 Banking
Connection lost

Rejoining the realm…

Still unreachable

The connection could not be restored.

Session expired

The server has moved on; the page needs a fresh start.